 Dungeon Crawl Stone Soup version 0.15.0-23-gc2b521c (webtiles) character file.

256 Medar the Archer (level 5, -5/40 HPs)
             Began as a Centaur Arcane Marksman on Sept 9, 2014.
             Killed from afar by Pikel (11 damage)
             ... with a wand of draining
             ... on Level 4 of the Dungeon.
             The game lasted 00:12:46 (3943 turns).

Medar the Archer (Centaur Arcane Marksman)          Turns: 3943, Time: 00:12:46

HP  -5/40        AC  5     Str 15      XL: 5   Next: 92%
MP   6/6         EV  9     Int 12      God:
Gold 154         SH  0     Dex  8      Spells:  2 memorised,  3 levels left

rFire  . . .     SeeInvis .     b - +0 shortbow
rCold  . . .     Clarity  .     k - +0 robe
rNeg   . . .     rCorr    .     (no shield)
rPois  .         rRot     .     (no helmet)
rElec  .         Spirit   .     o - +0 cloak
SustAb .         Warding  .     (no gloves)
rMut   .         Stasis   .     (no barding)
Gourm  .                        (no amulet)
MR     .....                    (no ring)
                                (no ring)

@: heavily drained, very quick, not resistant to hostile enchantments, very
unstealthy
A: hooves 3, deformed body, speed 2, tough skin 3
a: no special abilities


You were on level 4 of the Dungeon.
You were hungry.

You visited 1 branch of the dungeon, and saw 4 of its levels.

You collected 154 gold pieces.

Inventory:

Hand weapons
 a - a +3 whip
 b - a +0 shortbow (weapon)
 m - a +0 hand axe
 t - a +0 whip
 F - a +0 flail
 G - a +0 blowgun
 Y - a +0 short sword
Missiles
 c - 18 arrows (quivered)
 i - 32 poisoned needles
Armour
 k - a +0 robe (worn)
 o - a +0 cloak (worn)
Comestibles
 f - 6 bread rations
 g - a meat ration
 u - 2 beef jerkies
 B - a rotting chunk of giant cockroach flesh
Scrolls
 j - a scroll of remove curse {@r1}
 q - a scroll of teleportation {unknown}
 r - a scroll of recharging
 w - a scroll of noise {unknown}
 y - a scroll of immolation {unknown}
 z - a scroll of random uselessness {unknown}
 E - a scroll of amnesia {unknown}
Potions
 e - a potion of cure mutation {!q}
 h - 3 potions of restore abilities
 l - a potion of heal wounds {unknown}
 n - 2 potions of agility {unknown}
 p - a potion of might {unknown}
 s - 3 potions of curing {@q1}
 v - a potion of confusion
 x - a potion of haste {unknown}
 A - 3 potions of poison
 I - a potion of berserk rage {unknown}
 J - a potion of beneficial mutation {unknown}
Books
 d - a book of Debilitation

   Spells                             Type                      Level
   *Corona                            Hexes                        1
   *Slow                              Hexes                        2
   Inner Flame                        Hexes/Fire                   3
   Enslavement                        Hexes                        4
   Cause Fear                         Hexes                        4
   Leda's Liquefaction                Hexes/Earth                  4


   Skills:
 - Level 1.0(0.0) Fighting
 + Level 8.3(6.5) Bows
 - Level 1.3(0.0) Dodging
 - Level 1.0(0.0) Spellcasting
 - Level 2.6(1.2) Hexes


You had 3 spell levels left.
You knew the following spells:

 Your Spells              Type           Power        Failure   Level  Hunger
d - Slow                  Hex            #.......     34%         2    ###....
s - Corona                Hex            #......      21%         1    ##.....


Dungeon Overview and Level Annotations

Branches:
Dungeon (4/15)
 Temple: D:4-7

Altars:

Annotations:
D:3 ciphuk's ghost, average HaSk
D:4 Pikel


Innate Abilities, Weirdness & Mutations

You have hooves in place of feet.
Armour fits poorly on your strangely shaped body.
You cover ground very quickly.
You have extremely tough skin (AC +3).


Message History

You shoot an arrow. The arrow barely misses Pikel.
Firing (i - inventory):
c - 20 arrows (quivered)
Press: ? - help, Shift-Dir - straight line, f/p - Pikel
Aim: Pikel, wielding a runed whip and wearing an embroidered robe You shoot an arrow.
The arrow closely misses Pikel.
Pikel says, "Slavery isn't that bad."
Pikel zaps a wand.
The bolt of negative energy hits you!
You feel drained.
Firing (i - inventory):
c - 19 arrows (quivered)
Press: ? - help, Shift-Dir - straight line, f/p - Pikel
Aim: Pikel, wielding a runed whip, wearing an embroidered robe and carrying a wand of draining {zapped: 1} You shoot an arrow.
The arrow hits Pikel but does no damage.
Pikel zaps a wand.
The bolt of negative energy hits you!
You feel drained.
* * * LOW HITPOINT WARNING * * *
Drink which item? (? for menu, Esc to quit)
Okay, then. 3 slaves come into view.
The slave shouts! x3
Pikel zaps a wand.
The bolt of negative energy hits you!
You feel drained.
You die...

#####.####.#
((.(..(.%<.#
#####.###..#
...pp.##.##
#..K..# ...
####..p..# ..K
.........# #.#
####.....######.#
#p#
#.....@......#
#.#
........########
#.# ####..#.# #.#
#..#.# #.# #....#
#.########..#..
#.p.........#.#
##########..#.#
#....#


You could see Pikel and 3 slaves.

Vanquished Creatures
  An ice beast (D:3)
  An orc priest (D:3)
  A worker ant (D:4)
  A gnoll (D:1)
  2 adders
  2 worms
  An orc skeleton (D:3)
  A giant gecko (D:1)
  An ooze (D:4)
  3 orcs (D:3)
  3 giant cockroaches
  10 hobgoblins
  5 jackals (D:3)
  9 bats
  3 giant newts
  8 goblins
  9 kobolds
  2 quokkas
  8 rats
71 creatures vanquished.

Notes
Turn   | Place    | Note
--------------------------------------------------------------
     0 | D:1      | Medar, the Centaur Arcane Marksman, began the quest for the Orb.
     0 | D:1      | Reached XP level 1. HP: 16/16 MP: 2/2
   138 | D:1      | Reached skill level 3 in Bows
   334 | D:1      | Reached XP level 2. HP: 23/23 MP: 3/3
   535 | D:1      | Reached skill level 4 in Bows
  1066 | D:1      | Learned a level 2 spell: Slow
  1172 | D:1      | Reached XP level 3. HP: 26/28 MP: 4/4
  1344 | D:1      | Reached skill level 5 in Bows
  2097 | D:2      | Reached XP level 4. HP: 30/35 MP: 4/4
  2538 | D:3      | Noticed ciphuk's ghost (average HaSk)
  2822 | D:3      | Reached skill level 6 in Bows
  3053 | D:3      | Noticed an ice beast
  3080 | D:3      | Killed an ice beast
  3080 | D:3      | Reached skill level 7 in Bows
  3080 | D:3      | Reached XP level 5. HP: 35/40 MP: 6/6
  3466 | D:3      | Reached skill level 8 in Bows
  3859 | D:4      | Noticed a slave
  3861 | D:4      | Noticed Pikel
  3939 | D:4      | Noticed a slave
  3939 | D:4      | Noticed a slave
  3939 | D:4      | Noticed a slave
  3943 | D:4      | Killed from afar by Pikel

Action                   |  1- 3 |  4- 6 || total
-------------------------+-------+-------++-------
Melee: Short sword       |    43 |       ||    43
       Unarmed           |     5 |       ||     5
       Club              |     2 |       ||     2
       Flail             |    19 |    45 ||    64
       Whip              |       |    59 ||    59
 Fire: Shortbow          |    63 |    69 ||   132
 Cast: Corona            |       |     2 ||     2
  Use: Scroll            |       |     7 ||     7
  Eat: Chunk             |     2 |     5 ||     7
